 Dungeon Crawl Stone Soup version 0.22.1-1-ga44c0e56f4 (webtiles) character file.

88 JOKERXD40 the Grave Robber (level 4, -5/31 HPs)
             Began as a Demonspawn Necromancer on Nov 10, 2018.
             Slain by a worm (8 damage)
             ... on level 3 of the Dungeon.
             The game lasted 00:11:15 (2803 turns).

JOKERXD40 the Grave Robber (Demonspawn Necromancer) Turns: 2803, Time: 00:11:16

Health: -5/31      AC:  3    Str:  9    XL:     4   Next: 30%
Magic:  0/8        EV: 12    Int: 17    God:
Gold:   70         SH:  0    Dex: 13    Spells: 8/9 levels left

rFire    . . .     SeeInvis .   g - +0 club
rCold    . . .     Gourm    .   (no shield)
rNeg     . . .     Faith    .   a - +0 robe
rPois    .         Spirit   .   (no helmet)
rElec    .         Reflect  .   (no cloak)
rCorr    .         Harm     .   r - +0 pair of gloves
MR       .....                  (no boots)
Stlth    ++........             (no amulet)
HPRegen  0.10/turn              (no ring)
MPRegen  0.11/turn              (no ring)

@: very slightly contaminated
A: spiny 1
a: no special abilities


You were on level 3 of the Dungeon.
You were not hungry.

You visited 1 branch of the dungeon, and saw 3 of its levels.

You collected 70 gold pieces.

Inventory:

Hand Weapons
 g - a +0 club (weapon)
Missiles
 f - 42 stones (quivered)
 t - 4 steel javelins
Armour
 a - a +0 robe (worn)
 r - a +0 pair of gloves (worn)
Jewellery
 j - a cursed ring of attention {unknown}
 s - a +1 ring of evasion {unknown}
Scrolls
 b - 2 scrolls of remove curse
 d - 2 scrolls of identify {unknown}
 i - 2 scrolls of teleportation {unknown}
 l - a scroll of noise {unknown}
 n - a scroll of immolation {unknown}
 o - a scroll of amnesia {unknown}
 q - 2 scrolls of enchant armour {unknown}
Potions
 e - a potion of flight {unknown}
 h - a potion of might {unknown}
 k - a potion of curing {unknown}
 m - 2 potions of brilliance {unknown}
 p - a potion of ambrosia {unknown}
Comestibles
 c - 5 rations


   Skills:
 + Level 0.4 Fighting
 + Level 0.5 Maces & Flails
 + Level 2.0 Dodging
 + Level 1.9 Stealth
 + Level 0.4 Unarmed Combat
 + Level 3.1 Spellcasting
 + Level 5.2 Necromancy


You had 8 spell levels left.
You knew the following spells:

 Your Spells              Type           Power        Failure   Level  Hunger
a - Pain                  Necr           ###.         1%          1    None

Your spell library contained the following spells:

 Spells                   Type           Power        Failure   Level  Hunger
 Animate Skeleton         Necr           N/A          1%          1    None
 Vampiric Draining        Necr           ###.......   6%          3    ###....
 Regeneration             Chrm/Necr      ##........   19%         3    ###....
 Animate Dead             Necr           N/A          21%         4    ####...


Dungeon Overview and Level Annotations

Branches:
Dungeon (3/15)

Altars:
Ashenzari
Ru
Vehumet


Innate Abilities, Weirdness & Mutations

You are partially covered in sharp spines.


Message History

Aim: a jackal (almost dead, chance to defeat MR: 90%)
The jackal writhes in agony!
You kill the jackal!
The jackal is struck by your spines. The jackal closely misses you.
You hit the worm.
The worm is lightly wounded.
The jackal bites you. The worm bites you.
* * * LOW HITPOINT WARNING * * *
The jackal is struck by your spines.
You kill the jackal!
The rat bites you but does no damage.
Casting: Pain (safe; 1% risk of failure)
Confirm with . or Enter, or press ? or * to list all spells.
Aiming: Pain (safe; 1% risk of failure)
Press: ? - help, Shift-Dir - straight line, f - rat
Aim: a rat (chance to defeat MR: 90%)
The rat writhes in agony!
The rat bites you.
* * * LOW HITPOINT WARNING * * *
The worm is struck by your spines. The worm bites you!
You die...

### #.# ####.. #.# #.....
#.# ###..#.. ### #.#
#...###. ..###.##
#....#..
#.#...########.#...._
##.............#..#..
##..#.#r@.##########.###†
.......†w## #..#..
(!......## #.....
......... ###..#
###.###.## #.# # #.# #.
#.# #.## #.# .. #.# ##


You could see a worm and a rat.

Vanquished Creatures
  2 adders (D:2)
  A worm (D:2)
  5 dart slugs
  2 leopard geckos (D:1)
  An orc (D:3)
  7 bats
  3 giant cockroaches
  2 goblins
  6 hobgoblins
  11 jackals
  2 quokkas (D:2)
  2 frilled lizards (D:2)
  2 kobolds (D:2)
  2 rats (D:2)
48 creatures vanquished.

Notes
Turn   | Place    | Note
-------+----------+-------------------------------------------
     0 | D:1      | JOKERXD40 the Demonspawn Necromancer began the quest for
                  | the Orb.
     0 | D:1      | Reached XP level 1. HP: 13/13 MP: 3/3
   211 | D:1      | Gained mutation: You are partially covered in sharp spines.
                  | [demonic ancestry]
   211 | D:1      | Reached XP level 2. HP: 7/19 MP: 0/5
  1215 | D:1      | Reached XP level 3. HP: 19/24 MP: 2/6
  1254 | D:1      | Reached skill level 5 in Necromancy
  1681 | D:2      | Found a sacrificial altar of Ru.
  2106 | D:2      | Found a shattered altar of Ashenzari.
  2236 | D:2      | Reached XP level 4. HP: 21/31 MP: 4/8
  2690 | D:3      | Found a radiant altar of Vehumet.
  2803 | D:3      | Slain by a worm

Skill      XL: |  1  2  3  4 |
---------------+-------------+-----
Necromancy     | 5 |  5.2
Spellcasting   | 3 |  3.1
Dodging        | 2 |  2.0
Fighting       | |  0.4
Maces & Flails | |  0.5
Stealth        | |  1.9
Unarmed Combat | |  0.4

Action                   |  1- 3 |  4- 6 || total
-------------------------+-------+-------++-------
Melee: Unarmed           |    10 |       ||    10
       Club              |    38 |     1 ||    39
 Cast: Pain              |    54 |    16 ||    70
  Use: Scroll            |     1 |       ||     1
  Eat: Chunk             |     4 |     2 ||     6
Armor: Robe              |    17 |     4 ||    21
Dodge: Dodged            |    55 |    13 ||    68
